 Dungeon Crawl Stone Soup version 0.21.0-3-g78d12a8 (webtiles) character file.

375 HungrySpirit the Cutter (level 6, -2/32 HPs)
             Began as a Vine Stalker Arcane Marksman on Jan 8, 2018.
             Was an Initiate of Okawaru.
             Slain by Grinder (6 damage)
             ... on level 3 of the Dungeon.
             The game lasted 00:05:03 (2106 turns).

HungrySpirit the Cutter (VSAM)                      Turns: 2106, Time: 00:05:03

Health: -2/32      AC:  3    Str: 13    XL:     6   Next: 72%
Magic:  0/8        EV: 14    Int: 13    God:    Okawaru [......]
Gold:   90         SH:  0    Dex: 16    Spells: 6/7 levels left

rFire    . . .     SeeInvis .   i - +4 short sword
rCold    . . .     Gourm    .   (no shield)
rNeg     . . .     Faith    .   e - +0 robe
rPois    .         Spirit   +   (no helmet)
rElec    .         Reflect  .   q - +0 cloak
rCorr    .         Harm     .   (no gloves)
MR       .....                  (no boots)
Stlth    +.........             (no amulet)
HPRegen  0.50/turn              (no ring)
MPRegen  0.11/turn              (no ring)

@: no status effects
A: fangs 2, regeneration 1, magic shield, antimagic bite, no potion heal 3, rot
immunity
a: Renounce Religion


You were on level 3 of the Dungeon.
You worshipped Okawaru.
Okawaru was noncommittal.
You were not hungry.

You visited 1 branch of the dungeon, and saw 3 of its levels.

You collected 90 gold pieces.

Inventory:

Hand Weapons
 a - a +0 falchion
 i - a +4 short sword (weapon)
Missiles
 n - a sling bullet
Armour
 b - a +0 shield
 e - a +0 robe (worn)
 q - a +0 cloak (worn)
Jewellery
 h - an uncursed ring of stealth {unknown}
Wands
 p - a wand of random effects (9)
Scrolls
 g - a scroll of identify {unknown}
 l - a scroll of fear {unknown}
 o - a scroll of amnesia {unknown}
 s - a scroll of remove curse {unknown}
Potions
 j - 2 potions of haste {unknown}
 k - a potion of mutation {unknown}
 m - a potion of curing
Books
 c - a book of Debilitation

   Spells                             Type                      Level
   a - Corona                         Hexes                        1
   b - Slow                           Hexes                        2
   c - Inner Flame                    Hexes/Fire                   3
   d - Portal Projectile              Hexes/Translocation          3
   e - Cause Fear                     Hexes                        4
   f - Leda's Liquefaction            Hexes/Earth                  4
 r - a book of Misfortune

   Spells                             Type                      Level
   a - Confusing Touch                Hexes                        1
   b - Confuse                        Hexes                        3
   c - Gell's Gravitas                Translocation                3
   d - Petrify                        Transmutation/Earth          4
   e - Metabolic Englaciation         Hexes/Ice                    5
   f - Yara's Violent Unravelling     Hexes/Transmutation          5
Comestibles
 d - a chunk of flesh
 f - 7 rations


   Skills:
 + Level 3.1 Fighting
 * Level 3.8 Short Blades
   Level 1.7 Slings
 + Level 3.2 Dodging
 - Level 1.1 Spellcasting
 - Level 3.0 Hexes


You had 6 spell levels left.
You knew the following spells:

 Your Spells              Type           Power        Failure   Level  Hunger
a - Corona                Hex            #......      9%          1    ##.....


Dungeon Overview and Level Annotations

Branches:
Dungeon (3/15)

Altars:
Fedhas
Okawaru
Ru

Annotations:
D:3 Grinder


Innate Abilities, Weirdness & Mutations

You have extremely sharp teeth.
Your natural rate of healing is unusually fast.
When hurt, damage is shared between your health and your magic reserves.
Your bite disrupts and absorbs the magic of your enemies.
Potions cannot restore your health.
You are immune to rotting.


Message History

You struggle to resist.
You hit Grinder.
Grinder is heavily wounded.
Grinder misses you.
You hit Grinder.
Grinder is heavily wounded.
Grinder gestures at you. Pain shoots through your body!
* * * LOW HITPOINT WARNING * * *
Okay, then.
Okay, then.
You hit Grinder but do no damage.
Grinder is heavily wounded.
You puncture Grinder!
Grinder is severely wounded.
Grinder closely misses you.
You hit Grinder but do no damage.
Grinder is severely wounded.
Grinder hits you!
You die...

........# #.## ######.##
..5...... .... .......>#
........# ##..####.....[.#
......... .............
........# #..#.##....
........# #..#.##..# #
........#####..#.##..###..#
#######..).................
............5@......###..#
##########......##..# #
####.#.##..# .....##..##
#.#.####...# ##
#.#.####.#.###...
.................
##.#.####.........
#..#.##...


You could see Grinder.

Vanquished Creatures
  Sigmund (D:2)
  Crazy Yiuf (D:2)
  An orc wizard (D:3)
  Jessica (D:2)
  Robin (D:2)
  3 adders (D:2)
  A shadow imp (D:3)
  A worm (D:3)
  2 dart slugs (D:2)
  5 leopard geckos
  9 orcs (D:3)
  2 giant cockroaches
  16 goblins
  6 hobgoblins
  6 jackals
  A quokka (D:3)
  A ball python (D:2)
  2 bats (D:1)
  2 frilled lizards
  7 kobolds
  9 rats
78 creatures vanquished.

Notes
Turn   | Place    | Note
-------+----------+-------------------------------------------
     0 | D:1      | HungrySpirit the Vine Stalker Arcane Marksman began the quest for the Orb.
     0 | D:1      | Reached XP level 1. HP: 9/9 MP: 3/3
     7 | D:1      | Reached skill level 1 in Fighting
    90 | D:1      | Reached XP level 2. HP: 14/14 MP: 4/4
   534 | D:1      | Reached XP level 3. HP: 17/18 MP: 5/5
   694 | D:2      | Reached skill level 1 in Short Blades
   706 | D:2      | Noticed Robin
  1162 | D:2      | Noticed Jessica
  1166 | D:2      | Killed Jessica
  1166 | D:2      | Gained mutation: Your natural rate of healing is unusually fast. [Vine Stalker growth]
  1166 | D:2      | Reached XP level 4. HP: 23/23 MP: 6/6
  1177 | D:2      | Found a blossoming altar of Fedhas.
  1215 | D:2      | Noticed Sigmund
  1231 | D:2      | Killed Sigmund
  1231 | D:2      | Reached XP level 5. HP: 19/28 MP: 2/7
  1231 | D:2      | Reached XP level 6. HP: 22/32 MP: 2/8
  1290 | D:2      | Found a sacrificial altar of Ru.
  1369 | D:2      | Killed Robin
  1532 | D:2      | Found a runed door.
  1578 | D:2      | Noticed Crazy Yiuf
  1621 | D:2      | Killed Crazy Yiuf
  1709 | D:3      | Found an iron altar of Okawaru.
  1715 | D:3      | Became a worshipper of Warmaster Okawaru
  2078 | D:3      | Noticed Grinder
  2086 | D:3      | Paralysed by Grinder for 6 turns
  2106 | D:3      | Slain by Grinder

Skill      XL: |  1  2  3  4  5  6 |
---------------+-------------------+-----
Fighting       | 1 2 3 |  3.1
Dodging        | 2 3 |  3.2
Short Blades   | 1 3 |  3.8
Slings         | |  1.7
Spellcasting   | |  1.1
Hexes          | |  3.0

Action                   |  1- 3 |  4- 6 || total
-------------------------+-------+-------++-------
Melee: Short sword       |    23 |   122 ||   145
       Bite              |     7 |    30 ||    37
 Fire: Hunting sling     |    62 |     7 ||    69
Throw: Stone             |     1 |       ||     1
Evoke: Wand              |       |     2 ||     2
  Eat: Chunk             |     1 |     3 ||     4
Armor: Robe              |     5 |     9 ||    14
Dodge: Dodged            |    31 |    39 ||    70
